AoeStats
← Saxolive5888

Golden Pit

510210211Analyzed
1v1 RM · 4d ago on Sep 30, 2026· 39m 39s· 2 players
Game mode
Random Map
Map size
Tiny (2 player)
Population
200
Speed
Normal
Resources
Standard
Victory
Conquest
Starting age
Dark Age
Ending age
Imperial Age
RankedLock teamsTeams togetherTeam positionsShared explorationLock speedFull tech treeHidden civsTurbo modeCheats
Victory
Defeat
🇵🇪 Tatars · Peru
711
+14
🇨🇿 Ethiopians · Czechia
674
-14
Saxolive5888
12:45 Feudal Age
11:44 Loom
13:18 Loom
13:21 Double-Bit Axe
13:21 Horse Collar
19:17 Fletching
25:35 Castle Age
24:44 Padded Archer Armor
25:21 Wheelbarrow
26:16 Bodkin Arrow
25:44 Crossbowman
27:54 Hand Cart
27:45 Heavy Plow
27:47 Gold Mining
33:34 Gold Shaft Mining
34:10 Bow Saw
34:01 Stone Mining
Cimitry246
4:43 Loom
10:59 Feudal Age
18:43 Castle Age
17:30 Double-Bit Axe
17:27 Horse Collar
17:40 Stone Mining
22:18 Town Watch
24:45 Light Cavalry
29:20 Wheelbarrow
29:19 Husbandry
31:13 Scale Barding Armor
32:59 Gold Mining
33:14 Heavy Plow
33:42 Bow Saw
34:57 Gold Shaft Mining
36:34 Chain Barding Armor
37:45 Fletching
37:58 Padded Archer Armor
Connection lost

Rejoining the realm…

Still unreachable

The connection could not be restored.

Session expired

The server has moved on; the page needs a fresh start.